 Dungeon Crawl Stone Soup version 0.32-a0-779-g362cfcae2a (webtiles) character file.

Game seed: 2257843701304231851

18 Aldia the Caller (level 2, 0/13 HPs)
             Began as a Felid Summoner on Mar 19, 2024.
             Constricted to death by a ball python (2 damage)
             ... on level 2 of the Dungeon.
             The game lasted 00:02:40 (829 turns).

Aldia the Caller (Felid Summoner)                    Turns: 829, Time: 00:02:41

Health: 0/13       AC:  1    Str:  4    XL:     2   Next: 51%
Magic:  2/6        EV:  6    Int: 18    God:
Gold:   30         SH:  0    Dex: 16    Spells: 3/6 levels left
                                        Lives:  0   Deaths: 1

rFire   . . .        (weapon unavailable)
rCold   . . .        (shield unavailable)
rNeg    . . .        (body armour unavailable)
rPois   .            (helmet unavailable)
rElec   .            (cloak unavailable)
rCorr   .            (gloves unavailable)
SInv    +            (boots unavailable)
Will    .....        (no amulet)
Stlth   ++           (no ring)
HPRegen 0.22/turn    (no ring)
MPRegen 0.10/turn

%: no passive effects
@: constricted
A: very small, claws 1, fangs 3, see invisible, shaggy fur 1, stealthy paws, no
weapons or thrown items, no armour, multi-lived
a: no special abilities


You were on level 2 of the Dungeon.
You visited 1 branch of the dungeon, and saw 2 of its levels.

You collected 30 gold pieces.

Inventory:

Scrolls
 a - a scroll of blinking {unknown}
 b - a scroll of teleportation {unknown}
 c - a scroll of identify {unknown}
 e - a scroll of torment {unknown}
 h - a scroll of immolation {unknown}
 i - a scroll of poison {unknown}
Potions
 d - a potion of heal wounds {unknown}
 f - 2 potions of attraction {unknown}
 g - a potion of enlightenment {unknown}
 j - a potion of lignification {unknown}


   Skills:
 - Level 2.6 Dodging
 - Level 2.6 Stealth
 + Level 2.5 Spellcasting
 + Level 4.3 Summonings


You had 3 spell levels left.
You knew the following spells:

 Your Spells              Type           Power      Damage    Failure   Level
a - Summon Small Mammal   Summ           72%        N/A       2%          1
b - Call Imp              Summ           36%        N/A       4%          2

Your spell library contained the following spells:

 Spells                   Type           Power      Damage    Failure   Level
 Call Canine Familiar     Summ           18%        N/A       9%          3
 Summon Ice Beast         Ice/Summ       10%        N/A       22%         3
 Hailstorm                Conj/Ice       2%         3d5       45%         3
 Summon Blazeheart Golem  Fire/Summ      10%        N/A       56%         4
 Summon Lightning Spire   Summ/Air       10%        N/A       56%         4
 Permafrost Eruption      Ice/Erth       1%         2x4d2     100%        6
 Sculpt Simulacrum        Ice/Alch       1%         N/A       100%        6


Dungeon Overview and Level Annotations

Branches:
Dungeon (2/15)

Altars:


Innate Abilities, Weirdness & Mutations

You have sharp claws.
You have razor-sharp teeth.
You have supernaturally acute eyesight. (SInv)
You are covered in fur. (AC +1)
Your paws help you pounce on unaware monsters.
You are incapable of wielding weapons or throwing items.
You cannot wear armour.
You gain extra lives every three experience levels.


Message History

The kobold completely misses you.
You scratch the kobold.
You kill the kobold!
An endoplasm comes into view.
A ball python comes into view.
The ball python hisses angrily.
The ball python closely misses you. x2
You see here a +0 dagger.
You scratch the ball python but do no damage.
The ball python completely misses you. The ball python misses you.
You barely miss the ball python. The ball python bites you.
The ball python completely misses you. The ball python closely misses you. x2
You scratch the ball python.
The ball python is moderately wounded.
The endoplasm barely misses you. The ball python bites you.
The ball python closely misses you.
Casting: Summon Small Mammal (safe; 2% risk of failure)
Confirm with . or Enter, or press ? or * to list all spells.
A tiny devil pulls itself out of the air.
The endoplasm freezes you.
You are frozen.
The ball python barely misses you. The ball python barely misses you.
The ball python completely misses you. The endoplasm closely misses you.
Your cerulean imp barely misses the endoplasm.
The ball python bites you. The ball python grabs you.
The ball python constricts you. The endoplasm freezes you.
You are frozen.
Your cerulean imp barely misses the endoplasm.
Your rat bites the endoplasm.
Unknown command.
You scratch the endoplasm.
You kill the endoplasm!
The ball python bites you.
* * * LOW HITPOINT WARNING * * *
The ball python constricts you.
* * * LOW HITPOINT WARNING * * *
Your quokka bites the ball python.
The ball python barely misses you. The ball python constricts you.
You die...

..#.## #..>. ....####
.......# ....##.# #####
....##.# #...
....##.#########.######
....##..†.............#
....############@####.#
.......# #.....S.5..#
.......###.....rr...#
......).<#..........#
.......###..........#
.......# #..........#
.......# #...........
.......# #..........##
.......#


You could see a ball python (ally target), a friendly cerulean imp (summoned), a
friendly quokka (summoned) and a friendly rat (summoned).

Vanquished Creatures
  An endoplasm (D:2)
  A giant cockroach (D:1)
  A hobgoblin (D:2)
  A bat (D:1)
  A kobold (D:2)
  A rat (D:1)
6 creatures vanquished.

Vanquished Creatures (collateral kills)
  A bat (D:1)
  2 goblins
  A kobold (D:1)
  A quokka (D:1)
  5 ball pythons (D:1)
  A frilled lizard (D:1)
  A rat (D:1)
12 creatures vanquished.

Grand Total: 18 creatures vanquished

Notes
Turn   | Place    | Note
-------+----------+-------------------------------------------
     0 | D:1      | Aldia the Felid Summoner began the quest for the Orb.
     0 | D:1      | Reached XP level 1. HP: 9/9 MP: 4/4
   183 | D:1      | Reached XP level 2. HP: 6/13 MP: 1/6
   207 | D:1      | Slain by a kobold
   207 | D:1      | Lost a life (0 lives remaining)
   208 | D:1      | Found a faded altar of an unknown god.
   231 | D:1      | Learned a level 2 spell: Call Imp
   829 | D:2      | Constricted to death by a ball python

Illustrated notes

Levels and vault maps discovered:
D:1:      shiori_shiawase, layout_basic, ebering_ecumenical_altar_hall
D:2:      layout_basic, minmay_tall_x

Action                     || total
---------------------------++-------
  Melee: Unarmed           ||    17
   Cast: Summon Small Mamm ||    24
         Call Imp          ||     5
    Use: Potion            ||     1
   Stab: Sleeping          ||     1
 Armour: Skin              ||    34
  Dodge: Dodged            ||    51

Table legend: (Time is in decaauts)
 A = Elapsed time spent in this place.
 B = Non-inter-level travel time spent in this place.
 C = Inter-level travel time spent in this place.
 D = Time resting spent in this place.
 E = Time spent auto-exploring this place.
 F = Levels seen in this place.
 G = Mean time per level.
                   A        B        C        D        E       F      G
               +--------+--------+--------+--------+--------+-----+--------+
         Total |    829 |    811 |     18 |      0 |    616 |   2 |  414.5 |
       Dungeon |    829 |    811 |     18 |      0 |    616 |   2 |  414.5 |
               +--------+--------+--------+--------+--------+-----+--------+

Top non-repeatable levels by time:
     D:1: 746 daAuts
     D:2: 83 daAuts
